 Dungeon Crawl Stone Soup version 0.29-a0-813-g4a14ea37d6 (webtiles) character file.

Game seed: 8907317598463192622

647 avis the Chiller (level 7, -13/57 HPs)
             Began as a Demigod Ice Elementalist on July 4, 2022.
             Mangled by Prince Ribbit (15 damage)
             ... on level 5 of the Dungeon.
             The game lasted 00:32:40 (5683 turns).

avis the Chiller (Demigod Ice Elementalist)         Turns: 5683, Time: 00:32:42

Health: -13/57     AC:  4    Str:  9    XL:     7   Next: 6%
Magic:  14/14      EV: 13    Int: 17    God:
Gold:   232        SH:  0    Dex: 22    Spells: 5/12 levels left

rFire   . . .      SeeInvis +   a - +2 dagger (venom)
rCold   + . .      Faith    .   (no shield)
rNeg    . . .      Spirit   .   p - +1 leather armour {rF+}
rPois   .          Reflect  .   (no helmet)
rElec   .          Harm     .   (no cloak)
rCorr   .          Rampage  .   (no gloves)
Will    .....                   (no boots)
Stlth   +++.......              (no amulet)
HPRegen 0.19/turn               i - ring of ice
MPRegen 0.14/turn               D - ring of see invisible

@: no status effects
A: high MP 1, forlorn, divine attributes
a: no special abilities


You were on level 5 of the Dungeon.
You visited 1 branch of the dungeon, and saw 5 of its levels.

You collected 232 gold pieces.

Inventory:

Hand Weapons
 a - a +2 dagger of venom (weapon)
 d - a +0 dagger
 e - a +0 short sword
 v - a +1 hand axe of flaming
 w - a +0 short sword of speed
 z - a +0 long sword
 B - a +2 vorpal flail
Missiles
 f - 11 poisoned darts
 s - 4 boomerangs
Armour
 k - a +0 robe
 p - a +1 leather armour of fire resistance (worn)
Jewellery
 i - a ring of ice (left hand)
 D - a ring of see invisible (right hand)
Wands
 o - a wand of iceblast (6)
 r - a wand of mindburst (14)
Scrolls
 c - a scroll of silence {unknown}
 h - a scroll of torment {unknown}
 j - a scroll of vulnerability {unknown}
 l - 2 scrolls of identify {unknown}
 n - 3 scrolls of magic mapping {unknown}
 x - a scroll of fear {unknown}
 y - a scroll of blinking {unknown}
Potions
 b - 4 potions of magic
 g - a potion of heal wounds
 m - 2 potions of might {unknown}
 q - a potion of berserk rage {unknown}
 t - 2 potions of curing {unknown}
 u - 3 potions of haste {unknown}
 A - a potion of resistance {unknown}
 C - a potion of mutation {unknown}


   Skills:
 * Level 3.1 Fighting
 - Level 3.0 Dodging
 - Level 3.0 Stealth
 - Level 3.0 Spellcasting
 - Level 5.0 Ice Magic
 - Level 3.0 Evocations


You had 5 spell levels left.
You knew the following spells:

 Your Spells              Type           Power      Damage    Failure   Level
a - Freeze                Ice            100%       1d11      3%          1
o - Ozocubu's Armour      Ice            29%        N/A       10%         3
r - Frozen Ramparts       Ice            58%        1d7       10%         3

Your spell library contained the following spells:

 Spells                   Type           Power      Damage    Failure   Level
 Shock                    Conj/Air       8%         1d3       24%         1
 Swiftness                Air            2%         N/A       58%         3
 Hailstorm                Conj/Ice       16%        3d6       65%         4
 Airstrike                Air            1%         0-2+      94%         4


Dungeon Overview and Level Annotations

Branches:
Dungeon (5/15)             Temple (0/1) D:5

Annotations:
D:5 Prince Ribbit


Innate Abilities, Weirdness & Mutations

You have an increased reservoir of magic. (+10% MP)
You shall have no god before yourself.
Your divine heritage dramatically boosts your attributes as you level up.


Message History

The centaur hits something but does no damage.
The centaur kicks something but does no damage.
Prince Ribbit lets out a mournful croak.
Prince Ribbit hits the bush!
The centaur hits something but does no damage.
The centaur kicks something but does no damage.
Prince Ribbit hits the bush!
The centaur hits something but does no damage.
The centaur kicks something but does no damage.
Prince Ribbit completely misses the bush.
The centaur hits the bush but does no damage.
The centaur kicks the bush but does no damage.
Prince Ribbit hits the bush!
The centaur hits something but does no damage.
The centaur kicks something but does no damage.
Prince Ribbit hits the bush.
The centaur hits the bush.
The centaur kicks the bush.
Prince Ribbit hits the bush!
The bush is destroyed!
The centaur hits something.
The centaur kicks something but does no damage.
Prince Ribbit attacks as you move away! Prince Ribbit barely misses you.
The centaur wields a +0 vorpal shortbow.
The centaur shoots an arrow.
The arrow hits you.
Prince Ribbit hits you but does no damage.
Prince Ribbit attacks as you move away! Prince Ribbit hits you.
The centaur shoots an arrow.
The arrow hits you! Prince Ribbit hits you!
The centaur shoots an arrow.
The arrow closely misses you. Prince Ribbit attacks as you move away!
Prince Ribbit hits you but does no damage.
The centaur shoots an arrow.
The arrow hits you.
There is a stone staircase leading up, spattered with blood here.
The centaur shoots an arrow.
The arrow hits you!
* * * LOW HITPOINT WARNING * * *
x2 Prince Ribbit hits you.
* * * LOW HITPOINT WARNING * * *
The centaur shoots an arrow.
The arrow hits you.
* * * LOW HITPOINT WARNING * * *
x2 Prince Ribbit hits you!
You die...

......##.###..#....#..#..#...##
#...........#....##.........
#####.###......>..........#
########.# #...##....#..### .#
.........# ##c#..#....#...#..#
.######### #....#.#..#......#..
#...#...##..........
#...F).....#.#####.#
#...@##..###># #.#
#..####+####.# #.#
####......##.# #.#
##.........### #.#
##...........# #<#
#............######.#
##...♣♣♣♣♣....#......#
#....♣....♣...#####..#
#....♣.♣.♣....# #..#


You could see Prince Ribbit and a centaur.

Vanquished Creatures
  An ogre (D:5)
  A phantom (D:3)
  2 necrophages
  A howler monkey (D:4)
  2 hounds
  A jelly (D:4)
  Terence (D:3)
  An iguana (D:5)
  An orc wizard (D:5)
  A mummy (D:4)
  3 gnolls
  3 adders
  A shadow imp (D:5)
  2 worms (D:2)
  4 dart slugs
  An orc (D:3)
  7 endoplasms
  4 hobgoblins
  8 jackals
  8 kobolds
  7 quokkas
  10 ball pythons
  9 bats
  5 frilled lizards
  5 goblins
  3 rats
  A bush (D:2)
93 creatures vanquished.

Vanquished Creatures (others)
  A bush (D:5)
  5 plants (D:2)
6 creatures vanquished.

Grand Total: 99 creatures vanquished

Notes
Turn   | Place    | Note
-------+----------+-------------------------------------------
     0 | D:1      | avis the Demigod Ice Elementalist began the quest for the
                  | Orb.
     0 | D:1      | Reached XP level 1. HP: 14/14 MP: 5/5
    88 | D:1      | Reached skill level 1 in Fighting
   154 | D:1      | Reached XP level 2. HP: 20/23 MP: 1/7
  1204 | D:2      | Reached XP level 3. HP: 30/30 MP: 2/8
  1563 | D:1      | Learned a level 3 spell: Ozocubu's Armour
  1992 | D:2      | Reached skill level 4 in Ice Magic
  1998 | D:2      | Reached XP level 4. HP: 36/38 MP: 5/9
  2456 | D:3      | Noticed Terence
  2690 | D:3      | Killed Terence
  2797 | D:3      | Learned a level 3 spell: Frozen Ramparts
  3254 | D:3      | Noticed a phantom
  3276 | D:3      | Killed a phantom
  3277 | D:3      | Reached skill level 5 in Ice Magic
  3277 | D:3      | Reached XP level 5. HP: 26/45 MP: 8/10
  3491 | D:3      | You fall into a shaft and drop 2 floors!
  3491 | D:5      | Entered Level 5 of the Dungeon
  3500 | D:5      | Reached skill level 1 in Evocations
  3561 | D:5      | Found a staircase to the Ecumenical Temple.
  3561 | D:5      | Noticed an ogre
  4059 | D:3      | Reached XP level 6. HP: 39/51 MP: 8/13
  5473 | D:5      | Reached XP level 7. HP: 36/57 MP: 6/14
  5633 | D:5      | Noticed Prince Ribbit
  5683 | D:5      | HP: 2/57 [centaur/arrow (1)]
  5683 | D:5      | Mangled by Prince Ribbit

Illustrated notes

Levels and vault maps discovered:
D:1:      spicycebolla_green_bress_n_ham, layout_loops_ring
D:2:      layout_rooms, serial_forest, infiniplex_forest_clump_diagonal,
          infiniplex_forest_lined_room_3, infiniplex_forest_clump_curved,
          infiniplex_forest_straight_4, infiniplex_forest_straight_5,
          infiniplex_forest_zigzag_1, infiniplex_forest_split,
          amcnicky_mini_pool_small
D:3:      layout_basic, kiku_gazebo_pond_becter, nzn_wu_jian_council_hall,
          grunt_decor_fettered, kennysheep_donut, uniq_terence
D:4:      layout_basic, general_overflow_altar, slow_altar_2,
          minmay_misc_feat_four_crosses
D:5:      layout_loops_ring, kennysheep_little_box,
          fedhas_bush_and_centaur_altar, minmay_temple_entry_mini_moons,
          kennysheep_potato, uniq_ijyb, uniq_prince_ribbit1

Skill      XL: |  1  2  3  4  5  6  7 |
---------------+----------------------+-----
Fighting       | 1 2 3 |  3.1
Spellcasting   | 2 3 |  3.0
Ice Magic      | 4 5 |  5.0
Dodging        | 2 3 |  3.0
Stealth        | 2 3 |  3.0
Evocations     | 2 3 |  3.0

Action                   |  1- 3 |  4- 6 |  7- 9 || total
-------------------------+-------+-------+-------++-------
Melee: Dagger            |     9 |    72 |     2 ||    83
       Short sword       |     9 |   101 |       ||   110
       Punch             |       |     3 |       ||     3
       Flail             |       |    19 |       ||    19
 Cast: Freeze            |    60 |    36 |     4 ||   100
       Ozocubu's Armour  |       |    10 |       ||    10
Evoke: Wand              |       |     1 |       ||     1
  Use: Potion            |       |     1 |       ||     1
 Stab: Sleeping          |    12 |     7 |       ||    19
Armor: Robe              |     8 |       |       ||     8
       Leather armour    |       |    19 |     2 ||    21
Dodge: Dodged            |    28 |    71 |     8 ||   107

Table legend: (Time is in decaauts)
 A = Elapsed time spent in this place.
 B = Non-inter-level travel time spent in this place.
 C = Inter-level travel time spent in this place.
 D = Time resting spent in this place.
 E = Time spent auto-exploring this place.
 F = Levels seen in this place.
 G = Mean time per level.
                   A        B        C        D        E       F      G
               +--------+--------+--------+--------+--------+-----+--------+
         Total |   5661 |   5203 |    458 |   1786 |   1912 |   5 | 1132.2 |
       Dungeon |   5661 |   5203 |    458 |   1786 |   1912 |   5 | 1132.2 |
               +--------+--------+--------+--------+--------+-----+--------+

Top non-repeatable levels by time:
     D:3: 1617 daAuts
     D:1: 1318 daAuts
     D:2: 1171 daAuts
     D:4: 1114 daAuts
     D:5: 439 daAuts
